 Dungeon Crawl Stone Soup version 0.29-a0-414-g5075937ec3 (webtiles) character file.

Game seed: 17179903420294726621

0 Snarg the Insei (level 1, 0/13 HPs)
             Began as an Octopode Transmuter on May 15, 2022.
             Slain by a kobold
             ... wielding a +1 dagger of electrocution
              (11 damage)
             ... on level 1 of the Dungeon.
             The game lasted 00:00:14 (33 turns).

Snarg the Insei (Octopode Transmuter)                 Turns: 33, Time: 00:00:15

Health: 0/13       AC:  1    Str:  9    XL:     1   Next: 10%
Magic:  3/3        EV: 13    Int: 15    God:
Gold:   0          SH:  0    Dex: 12    Spells: 3/4 levels left

rFire   . . .      SeeInvis .     - Unarmed
rCold   . . .      Faith    .   (no shield)
rNeg    . . .      Spirit   .   (helmet restricted)
rPois   .          Reflect  .   (no amulet)
rElec   .          Harm     .   (no ring)
rCorr   .          Rampage  .   (no ring)
Will    .....                   (no ring)
Stlth   ++........              (no ring)
HPRegen 0.04/turn               (no ring)
MPRegen 0.08/turn               (no ring)
                                (no ring)
                                (no ring)

@: no status effects
A: almost no armour, amphibious, 8 rings, camouflage 1, gelatinous body 1,
(nimble swimmer 1), tentacles
a: no special abilities


You were on level 1 of the Dungeon.
You visited 1 branch of the dungeon, and saw 1 of its levels.

Inventory:

Potions
 a - a potion of lignification


   Skills:
 + Level 1.0 Fighting
 + Level 2.0 Dodging
 + Level 3.0 Unarmed Combat
 - Level 2.0 Spellcasting
 + Level 2.0 Transmutations


You had 3 spell levels left.
You knew the following spells:

 Your Spells              Type           Power      Damage    Failure   Level
a - Beastly Appendage     Tmut           14%        N/A       10%         1

Your spell library contained the following spells:

 Spells                   Type           Power      Damage    Failure   Level
 Wereblood                Tmut           7%         N/A       14%         2
 Spider Form              Tmut/Pois      4%         N/A       41%         3
 Ice Form                 Ice/Tmut       4%         N/A       82%         4


Dungeon Overview and Level Annotations

Branches:
Dungeon (1/15)

Altars:


Innate Abilities, Weirdness & Mutations

You cannot wear most types of armour.
You are amphibious.
You can wear up to eight rings at the same time.
Your skin changes colour to match your surroundings (Stealth+).
Your rubbery body absorbs attacks. (AC +1, EV +1)
((You are camouflaged when in or above water. (Stealth+)))
You have tentacles for arms and can constrict up to eight enemies at once.


Message History

Welcome, Snarg the Octopode Transmuter.
It is said that the Orb of Zot exists deep within this dungeon.
Press ? for a list of commands and other information.
Found a ring mail.
Found a staircase leading out of the dungeon.
Unknown command.
A bat comes into view.
The bat barely misses you. The bat closely misses you. x2
You closely miss the bat. You grab the bat. You squeeze the bat.
You kill the bat!
No target in view!
No target in view!
A kobold comes into view.
It is wielding a +1 dagger of electrocution.
Found 9 gold pieces.
Found a cloak.
You see here 9 gold pieces.
The helpless kobold fails to defend itself.
You tentacle-slap the kobold. You grab the kobold.
You tentacle-slap the kobold, but do no damage.
The kobold is severely wounded.
You constrict the kobold, but do no damage.
The kobold hits you with a +1 dagger of electrocution.
You are electrocuted!
Ouch! That really hurt!
You die...

..♣...♣.♣.♣♣##.###
...[<...♣♣♣ #....#
♣♣♣....♣♣ ##.#.#
♣..♣♣♣♣ #..#.#
♣♣♣♣ ##.#.# #..#.#
# #..#.###.#
#...#....#
#...@...#
#....K.[#
#...$...#
#.......#
#.........
#.......###
........#
######.###


You could see a kobold.

Vanquished Creatures
  A bat (D:1)
1 creature vanquished.

Notes
Turn   | Place    | Note
-------+----------+-------------------------------------------
     0 | D:1      | Snarg the Octopode Transmuter began the quest for the Orb.
     0 | D:1      | Reached XP level 1. HP: 13/13 MP: 3/3
    33 | D:1      | Slain by a kobold

Illustrated notes

Levels and vault maps discovered:
D:1:      roderic_dead_forest, layout_loops_ring,
          hellmonk_ecumenical_altar_blasted

Action                   || total
-------------------------++-------
Melee: Unarmed           ||     2
       Constrict         ||     2
       Punch             ||     1
       Tentacles         ||     1
 Stab: Sleeping          ||     1
Dodge: Dodged            ||     3

Table legend: (Time is in decaauts)
 A = Elapsed time spent in this place.
 B = Non-inter-level travel time spent in this place.
 C = Inter-level travel time spent in this place.
 D = Time resting spent in this place.
 E = Time spent auto-exploring this place.
 F = Levels seen in this place.
 G = Mean time per level.
                   A        B        C        D        E       F      G
               +--------+--------+--------+--------+--------+-----+--------+
         Total |     33 |     33 |      0 |      0 |     23 |   1 |   33.0 |
       Dungeon |     33 |     33 |      0 |      0 |     23 |   1 |   33.0 |
               +--------+--------+--------+--------+--------+-----+--------+

Top non-repeatable levels by time:
     D:1: 33 daAuts
